 Dungeon Crawl Stone Soup version 0.22-a0-443-g17c3723 (webtiles) character file.

156 Gorglomux the Chopper (level 5, -6/32 HPs)
             Began as a Gargoyle Fighter on June 1, 2018.
             Mangled by an ogre
             ... wielding a +0 giant club
              (19 damage)
             ... on level 6 of the Dungeon.
             The game lasted 00:00:48 (1572 turns).

Gorglomux the Chopper (Gargoyle Fighter)            Turns: 1572, Time: 00:00:49

Health: -6/32      AC: 12    Str: 21    XL:     5   Next: 38%
Magic:  5/5        EV:  7    Int:  8    God:
Gold:   72         SH:  9    Dex:  9    Spells: 4/4 levels left

rFire    + . .     SeeInvis .   a - +0 war axe
rCold    + . .     Gourm    .   c - +0 shield
rNeg     + . .     Faith    .   b - +0 scale mail
rPois    ∞         Spirit   .   (no helmet)
rElec    +         Reflect  .   p - scarf {rC+ rF+}
rCorr    .         Harm     .   v - +0 pair of gloves
MR       .....                  (no boots)
Stlth    ..........             (no amulet)
HPRegen  0.10/turn              (no ring)
MPRegen  0.09/turn              (no ring)

@: no status effects
A: negative energy resistance 1, electricity resistance, unbreathing,
petrification resistance, rot immunity, AC +4
a: no special abilities


You were on level 6 of the Dungeon.
You were not hungry.

You visited 1 branch of the dungeon, and saw 4 of its levels.

You collected 72 gold pieces.

Inventory:

Hand Weapons
 a - a +0 war axe (weapon)
Armour
 b - a +0 scale mail (worn)
 c - a +0 shield (worn)
 p - a scarf of resistance (worn)
 v - a +0 pair of gloves (worn)
Scrolls
 i - 3 scrolls of teleportation {unknown}
 k - 2 scrolls of amnesia {unknown}
 l - a scroll of fog {unknown}
 m - a scroll of identify {unknown}
 o - a scroll of noise {unknown}
 q - a scroll of magic mapping {unknown}
Potions
 d - 2 potions of might
 g - 3 potions of lignification {unknown}
 h - a potion of resistance {unknown}
 n - a potion of heal wounds {unknown}
 s - a potion of ambrosia {unknown}
 u - a potion of berserk rage {unknown}
Comestibles
 f - 5 rations
 t - 7 chunks of flesh


   Skills:
 - Level 3.2 Fighting
 + Level 4.9 Axes
 - Level 3.2 Armour
 - Level 3.2 Shields


You had 4 spell levels left.
You didn't know any spells.
Your spell library was empty.

Dungeon Overview and Level Annotations

Branches:
Dungeon (3/15)

Altars:
Cheibriados

Shops:
D:6 :


Innate Abilities, Weirdness & Mutations

You are resistant to torment.
Your stone body is resilient. (AC +4)
You are immune to poison.
You resist negative energy. (rN+)
You are resistant to electric shocks. (rElec)
You can survive without breathing.
You are immune to petrification.
You are immune to rotting.


Message History

No target in view!!!
Found Suegir's Book Shoppe!
No target in view!!!
No target in view!!!
No target in view!!!
No target in view!!!
An ogre and a zombie come into view!
The ogre shouts!!!
A sky beast comes into view!
There are monsters nearby!!!
The ogre hits you with a giant club!!!
Unknown command!
You dice the ogre like an onion!!!
The ogre is moderately wounded!
The ogre hits you with a giant club!!!
You dice the ogre butt an onion!!!
The ogre is severely wounded!
The ogre hits you with a giant club!!!!!!
DANG rip

### ..# # # #.# .#.
#.# #Z# #.# #O# #.#
#∩#@######.#########
#...................
###Y...###...##### #
#...##.# ###.# #
#.####.# #.# # .Y.
#.# #.# # ##.
#.#####.###### #
#............##
........####...


You could see a sky beast, an ogre and a quokka zombie.

Vanquished Creatures
  A worker ant (D:6)
  Robin (D:2)
  A gnoll (D:1)
  2 adders (D:2)
  An ooze (D:1)
  2 worms
  5 dart slugs
  2 leopard geckos (D:1)
  7 orcs (D:3)
  2 giant cockroaches (D:1)
  13 goblins
  4 hobgoblins
  7 jackals (D:3)
  2 bats
  3 frilled lizards
  7 kobolds
  A leopard gecko skeleton (D:6)
  2 rats (D:1)
63 creatures vanquished.

Notes
Turn   | Place    | Note
-------+----------+-------------------------------------------
     0 | D:1      | Gorglomux the Gargoyle Fighter began the quest for the Orb.
     0 | D:1      | Reached XP level 1. HP: 14/14 MP: 1/1
    24 | D:1      | Reached skill level 2 in Axes
    44 | D:1      | Reached XP level 2. HP: 19/19 MP: 2/2
    85 | D:1      | Reached skill level 3 in Axes
   269 | D:1      | Reached XP level 3. HP: 22/23 MP: 3/3
   742 | D:2      | Noticed Robin
   759 | D:2      | Reached XP level 4. HP: 17/28 MP: 4/4
   765 | D:2      | Killed Robin
   765 | D:2      | Reached skill level 4 in Axes
  1309 | D:3      | Reached XP level 5. HP: 32/32 MP: 5/5
  1311 | D:3      | Found a snail-covered altar of Cheibriados.
  1437 | D:3      | You fall through a shaft for 3 floors!
  1565 | D:6      | Found Suegir's Book Shoppe.
  1569 | D:6      | Noticed an ogre
  1569 | D:6      | Noticed a sky beast
  1572 | D:6      | Mangled by an ogre

Vault maps used:
D:1:      kennysheep_arrival_forest
D:2:      minmay_pentomino_v4, uniq_robin
D:3:      lemuel_blue_sif_altar, nicolae_overflow_crystal_walls
D:6:      nicolae_gozag_cash_rules_everything_around_me,
          nicolae_ru_path_of_blood, serial_shops, shop

Skill      XL: |  1  2  3  4 |
---------------+-------------+-----
Axes           | 2 3 4 |  4.9
Fighting       | |  3.2
Armour         | |  3.2
Shields        | |  3.2

Action                   |  1- 3 |  4- 6 || total
-------------------------+-------+-------++-------
Melee: War axe           |   105 |    98 ||   203
  Eat: Chunk             |       |     3 ||     3
Armor: Scale mail        |    51 |    49 ||   100
Dodge: Dodged            |    23 |    37 ||    60
Block: Shield            |    42 |    44 ||    86

Table legend:
 A = Spawn XP
 B = Non-spawn XP
 C = Spawn XP percentage of total XP
 D = Spawn monster count
 E = Non-spawn monster count
 F = Spawn count percentage of total count
 G = Total turns spent on level
                    A         B        C        D         E        F      G
               +---------+---------+-------+---------+---------+-------+---------
         Total |       0 |     224 |   0.0 |       0 |      63 |   0.0 |  1572
               +---------+---------+-------+---------+---------+-------+---------
           D:1 |       0 |      59 |   0.0 |       0 |      22 |   0.0 |   595
           D:2 |       0 |      81 |   0.0 |       0 |      19 |   0.0 |   602
           D:3 |       0 |      50 |   0.0 |       0 |      20 |   0.0 |   240
           D:6 |       0 |      34 |   0.0 |       0 |       2 |   0.0 |   135
               +---------+---------+-------+---------+---------+-------+---------
